[Event "I.A Hrvatska šahovska liga"]
[Site "Veli Lošinj, Croatia"]
[Date "2024.10.05"]
[Round "1.28"]
[White "Plenca, Jadranko"]
[Black "Rezan, Sasa"]
[Result "1/2-1/2"]
[TimeControl "90 30 40 30"]
[WhiteFideId "14527146"]
[BlackFideId "14504804"]
[WhiteElo "2445"]
[BlackElo "2389"]

1. e4 c5 2. Nf3 g6 3. d4 cxd4 4. Qxd4 Nf6 5. Nc3 Nc6 6. Qa4 d6 7. e5 dxe5 8. Nxe5 Bg7 9. Bb5 O-O 10.
Nxc6 bxc6 11. Bxc6 Rb8 12. O-O Qc7 13. Re1 Rb6 14. Bf3 Bb7 15. Bf4 Qc8 16. Bxb7 Qxb7 17. Qa3 Rb4 18. Be5 1/2-1/2

[Event "I.A Hrvatska šahovska liga"]
[Site "Veli Lošinj, Croatia"]
[Date "2024.10.05"]
[Round "1.29"]
[White "Plenkovic, Zdenko"]
[Black "Plenca, Julijan"]
[Result "1-0"]
[TimeControl "90 30 40 30"]
[WhiteFideId "14506947"]
[BlackFideId "14508044"]
[WhiteElo "2357"]
[BlackElo "2440"]

1. e4 c5 2. Nf3 d6 3. d4 cxd4 4. Nxd4 Nf6 5. Nc3 Bd7 6. h3 Nc6 7. g4 Nxd4 8. Qxd4 e5 9. Qd3 Bc6 10.
g5 Nd7 11. Qf3 Nc5 12. Bc4 Ne6 13. Be3 Be7 14. h4 b5 15. Bb3 a5 16. a3 Rb8 17. Nd5 Qd7 18. Rg1 Bd8 19. h5 g6 20.
Nf6+ Bxf6 21. Qxf6 Rg8 22. hxg6 hxg6 23. f3 Qe7 24. O-O-O a4 25. Ba2 b4 26. axb4 Rxb4 27. Rh1 Bd7 28.
Rh7 Rf8 29. Rh2 Nd4 30. Rhd2 Be6 31. Bxd4 exd4 32. Rxd4 Qxf6 33. gxf6 Rxd4 34. Rxd4 Bxa2 35. Rxa4 Kd7 36. Rxa2 Ke6 37.
Kd2 Kxf6 38. Ra6 Ke6 39. f4 f6 40. Ra5 f5 41. e5 g5 42. exd6 g4 43. Re5+ Kxd6 44. b4 Rg8 45. Re2 Rh8 46.
c4 Rh1 47. Kc3 Rf1 48. c5+ Kd7 49. b5 g3 50. Kd4 Rf2 51. Ke3 Rf1 52. Rg2 Rb1 53. Kd4 Rb3 54. Kc4 Rf3 55. Kd5 Kc7 56. b6+ Kb7 57. Ke5 Kc6 58.
Kxf5 Rb3 59. Rc2 g2 60. Rxg2 Kxc5 61. Rg6 Kd5 62. Kg4 Rb1 63. f5 Rg1+ 64. Kf4 Rb1 65. Re6 Rg1 66. b7 Rb1 67.
Re7 Rf1+ 68. Kg5 Rg1 69. Kh6 1-0

[Event "I.A Hrvatska šahovska liga"]
[Site "Veli Lošinj, Croatia"]
[Date "2024.10.05"]
[Round "1.30"]
[White "Saric, Ante"]
[Black "Biliskov, Vjekoslav"]
[Result "1-0"]
[TimeControl "90 30 40 30"]
[WhiteFideId "14506254"]
[BlackFideId "14502720"]
[WhiteElo "2495"]
[BlackElo "2252"]

1. Nf3 Nf6 2. c4 e6 3. Nc3 d5 4. d4 Nbd7 5. Bg5 c6 6. Qb3 Be7 7. e3 O-O 8. Be2 Nb6 9. O-O Nxc4 10.
Bxc4 dxc4 11. Qxc4 Nd5 12. Bxe7 Nxe7 13. b4 b6 14. a4 a5 15. Rfb1 Ba6 16. Qb3 Rb8 17. bxa5 bxa5 18. Qa3 Nd5 19.
Ne4 Nb4 20. Rc1 Bd3 21. Nc5 Bg6 22. Ne5 Re8 23. Qc3 f6 24. Nc4 Qc7 25. e4 e5 26. dxe5 fxe5 27. Rd1 Rbd8 28. Rxd8 Qxd8 29.
Nxe5 Bxe4 30. Nxe4 Qd5 31. Nf6+ gxf6 32. Ng4 Na2 33. Nxf6+ 1-0